 Dungeon Crawl Stone Soup version 0.28.0-53-g5a82cb258f (webtiles) character file.

Game seed: 11329937207205710942

23523 Infinimo the Unseen (level 13, -14/84 HPs)
             Began as a Kobold Berserker on June 17, 2022.
             Was a Priest of Trog.
             Demolished by an entropy weaver (16 damage)
             ... in a Gauntlet.
             The game lasted 00:16:49 (19274 turns).

Infinimo the Unseen (Kobold Berserker)             Turns: 19274, Time: 00:16:50

Health: -14/84     AC:  0    Str: 14    XL:     13   Next: 35%
Magic:  13/13      EV: 19    Int:  9    God:    Trog [***...]
Gold:   1085       SH:  8    Dex: 19    Spells: 12/12 levels left

rFire   . . .      SeeInvis +   B - +0 short sword (vamp)
rCold   . . .      Faith    .   y - +1 buckler
rNeg    . . .      Spirit   .   K - +0 swamp dragon scales
rPois   +          Reflect  .   x - +1 hat
rElec   .          Harm     .   u - +0 cloak
rCorr   .          Rampage  .   (no gloves)
Will    +....      NoTele   +   t - +2 pair of boots
Stlth   +++++++...              (no amulet)
HPRegen 0.24/turn               r - ring of see invisible
MPRegen 0.13/turn               e - ring of willpower

@: mighty, corroded, on berserk cooldown, slowed, very slow
A: small, no large weapons, nightstalker 3
a: Renounce Religion, Berserk, Trog's Hand


You were in a Gauntlet.
You worshipped Trog.
Trog was most pleased with you.
You visited 2 branches of the dungeon, and saw 14 of its levels.
You also visited: Ossuary and Gauntlet.

You collected 1085 gold pieces.

Inventory:

Hand Weapons
 B - a +0 vampiric short sword (weapon)
Armour
 t - a +2 pair of boots (worn)
 u - a +0 cloak (worn)
 x - a +1 hat (worn)
 y - a +1 buckler (worn)
 K - +0 swamp dragon scales (worn)
Jewellery
 a - a ring of protection from cold
 b - an amulet of magic regeneration
 e - a ring of willpower (right hand)
 r - a ring of see invisible (left hand)
Wands
 o - a wand of iceblast (7)
 w - a wand of flame (41)
 A - a wand of paralysis (5)
 I - a wand of acid (7)
 L - a wand of charming (7)
Scrolls
 g - 5 scrolls of teleportation
 k - a scroll of holy word
 l - 3 scrolls of amnesia
 p - 3 scrolls of noise
 s - 3 scrolls of enchant weapon
 z - a scroll of magic mapping
 D - a scroll of enchant armour
 E - 4 scrolls of identify
 G - a scroll of immolation {unknown}
 H - a scroll of fear
Potions
 c - 3 potions of might
 d - 6 potions of lignification
 f - 4 potions of berserk rage
 h - 2 potions of mutation
 j - 2 potions of brilliance {unknown}
 m - 3 potions of curing
 n - 5 potions of flight
 q - 2 potions of attraction
 v - 3 potions of invisibility {unknown}
 C - 2 potions of degeneration {unknown}
 F - 2 potions of haste {unknown}
 J - a potion of cancellation {unknown}


   Skills:
 + Level 10.8 Fighting
 + Level 12.6 Short Blades
 - Level 1.5 Armour
 + Level 11.3 Dodging
 * Level 18.0 Stealth
 + Level 5.3 Shields


You had 12 spell levels left.
You didn't know any spells.
Your spell library was empty.

Dungeon Overview and Level Annotations

Branches:
Dungeon (10/15)            Temple (0/1) D:4            Lair (4/6) D:10
  Swamp (0/4) Lair:2        Snake (0/4) Lair:4      Ossuary (visited)
Gauntlet (1/1)
    Orc: D:9-12

Altars:
Makhleb
Qazlal
Wu Jian
Xom
The Shining One

Annotations:
Gauntlet 11 transporters, 16 runed translucent doors


Innate Abilities, Weirdness & Mutations

You are small and have problems with some larger weapons.
You are completely attuned to the shadows.


Message History

The entropy weaver completely misses you. x2
You closely miss the entropy weaver.
The entropy weaver is moderately wounded.
The entropy weaver hits you! The entropy weaver hits you.
The entropy weaver hits you but does no damage.
The entropy weaver hits you.
You hit the entropy weaver but do no damage.
The entropy weaver is moderately wounded.
The entropy weaver gestures at you while chanting.
The entropic weave corrodes you!
You hit the entropy weaver but do no damage.
The entropy weaver is moderately wounded.
The entropy weaver misses you. The entropy weaver hits you! x2
* * * LOW HITPOINT WARNING * * *
The entropy weaver hits you.
* * * LOW HITPOINT WARNING * * *
As you read the scroll of fear, it crumbles to dust.
You assume a fearsome visage.
The redback looks frightened!
The entropy weaver looks frightened!
You closely miss the redback.
Your attack snaps the redback out of its fear.
The redback misses you. The redback completely misses you.
You feel much better.
The entropy weaver seems to regain its courage.
The redback bites you. The redback barely misses you.
You feel very mighty all of a sudden. The redback bites you!
The entropy weaver misses you. The entropy weaver hits you!
* * * LOW HITPOINT WARNING * * *
The entropy weaver barely misses you.
The entropy weaver completely misses you.
The redback bites you.
* * * LOW HITPOINT WARNING * * *
You barely miss the entropy weaver.
The entropy weaver is moderately wounded.
The entropy weaver hits you!
* * * LOW HITPOINT WARNING * * *
The entropy weaver misses you. The entropy weaver closely misses you.
The entropy weaver hits you!
You die...

≈.....#######.#######....≈8≈....#
####........#.#...........≈......
#8#........#.###########...#####
#########..#.#..+..+...#...#x...
#8#..#.#..+..+...#...#*...
###..#.#++#++##.s#...#=...
#..#.#..'...+.}#...#}..
###..#©#Bs#...+.©#...#©..
#8#..###.@+...+."#...#!..
###....#++#''##..#...#....
#....#..+..'...#...#....
###..#..+..'...#...#x...
#8#..###########...#####
###........#©#.....§.#©#
#≈.......#.#..≈∩§..#.#
##########.#########.# #8#
.............


You could see an entropy weaver and a redback.

Vanquished Creatures
  Gastronok (D:9)
  A hydra (Lair:3)
  A death scarab (Gauntlet)
  The ghost of Gabide the Poker, a novice HuMo of Jiyva (D:7)
  The ghost of lenfi the Slasher, a novice FoMo of Elyvilon (D:6)
  A bog body (Lair:2)
  An ugly thing (D:6)
  8 cane toads
  3 black mambas
  A black mamba (shapeshifter) (D:10)
  A komodo dragon (shapeshifter) (Gauntlet)
  Psyche (D:9)
  A kobold demonologist (D:7)
  A rime drake (Lair:2)
  Maggie (Lair:2)
  5 komodo dragons
  3 polar bears
  2 trolls
  2 hornets
  4 blink frogs (Lair:3)
  24 yaks
  4 wyverns
  A wraith (D:5)
  A vampire (D:10)
  2 basilisks (Lair:1)
  A redback (Gauntlet)
  Menkaure (D:7)
  3 swamp worms (Lair:2)
  A spectral cane toad (Gauntlet)
  12 water moccasins
  3 vampire mosquitoes (D:10)
  3 orc warriors
  3 black bears
  4 ogres
  9 wolves
  5 centaurs
  A phantom (D:5)
  2 kobold brigands
  10 bullfrogs
  A gnoll sergeant (D:7)
  A scorpion (D:10)
  2 water moccasin skeletons (D:5)
  4 killer bees (D:10)
  An electric eel (Lair:2)
  4 howler monkeys
  3 centaur zombies
  A bullfrog zombie (D:6)
  2 jellies
  Crazy Yiuf (D:2)
  5 orc priests
  A bullfrog skeleton (D:5)
  2 hounds
  A centaur skeleton (D:4)
  Jessica (D:2)
  2 iguanas (D:7)
  5 orc wizards
  9 mummies
  A howler monkey zombie (D:9)
  A gnoll (D:5)
  2 howler monkey skeletons (D:5)
  An adder (D:3)
  3 white imps
  An ufetubus (D:4)
  An adder skeleton (D:4)
  2 worms (D:2)
  5 dart slugs
  22 orcs
  7 endoplasms
  A giant cockroach (D:2)
  2 gnoll zombies (Ossuary)
  8 goblins
  9 hobgoblins
  4 jackals (D:3)
  14 kobolds
  5 quokkas
  10 ball pythons
  A bat (D:2)
  4 frilled lizards
  A hobgoblin zombie (Ossuary)
  2 kobold zombies (Ossuary)
  5 orc zombies
  8 rats
296 creatures vanquished.

Vanquished Creatures (others)
  A black bear (D:5)
  3 hounds (D:5)
  An iguana (D:5)
  2 adders (D:5)
  A jackal (D:5)
  2 demonic plants (Gauntlet)
  54 fungi
  68 plants
132 creatures vanquished.

Grand Total: 428 creatures vanquished

Notes
Turn   | Place    | Note
-------+----------+-------------------------------------------
     0 | D:1      | Infinimo the Kobold Berserker began the quest for the Orb.
     0 | D:1      | Reached XP level 1. HP: 14/14 MP: 1/1
   163 | D:1      | Reached skill level 1 in Stealth
   183 | D:1      | Reached XP level 2. HP: 19/19 MP: 2/2
   366 | D:1      | Reached skill level 2 in Stealth
   387 | D:1      | Reached XP level 3. HP: 19/23 MP: 3/3
   954 | D:2      | Noticed Jessica
   960 | D:2      | Killed Jessica
   961 | D:2      | Reached skill level 3 in Stealth
   961 | D:2      | Reached XP level 4. HP: 29/29 MP: 4/4
  1457 | D:2      | Found a faded altar of an unknown god.
  1510 | D:2      | Reached ** piety under Trog
  1601 | D:2      | Found a runed translucent door.
  1604 | D:2      | Noticed Crazy Yiuf
  2504 | D:2      | Killed Crazy Yiuf
  2505 | D:2      | Reached XP level 5. HP: 14/33 MP: 5/5
  2942 | D:3      | Reached skill level 4 in Stealth
  3045 | D:3      | You fall into a shaft and drop 1 floor!
  3081 | D:4      | Reached skill level 5 in Short Blades
  3204 | D:4      | Found an ornate altar of the Wu Jian Council.
  4061 | D:4      | Reached XP level 6. HP: 38/38 MP: 6/6
  4065 | D:4      | Found a staircase to the Ecumenical Temple.
  4074 | D:4      | Reached skill level 5 in Stealth
  4163 | D:4      | Noticed a water moccasin
  4167 | D:4      | Killed a water moccasin
  4190 | D:4      | Reached XP level 7. HP: 44/44 MP: 7/7
  4337 | D:4      | Reached *** piety under Trog
  4338 | D:4      | Reached skill level 6 in Stealth
  4830 | D:4      | Found a glowing golden altar of the Shining One.
  4964 | D:5      | Entered Level 5 of the Dungeon
  4967 | D:5      | Found a stormy altar of Qazlal.
  5277 | D:5      | Found a shimmering altar of Xom.
  5300 | D:5      | Reached skill level 5 in Fighting
  5300 | D:5      | Reached skill level 7 in Stealth
  5584 | D:5      | Reached skill level 5 in Dodging
  5584 | D:5      | Reached XP level 8. HP: 33/49 MP: 8/8
  5786 | D:5      | Reached skill level 8 in Stealth
  6143 | D:5      | Noticed a wraith
  6147 | D:5      | Killed a wraith
  6326 | D:6      | Found a large runed translucent door.
  6327 | D:6      | Found a large runed translucent door.
  6344 | D:6      | Reached skill level 9 in Stealth
  6389 | D:6      | Reached XP level 9. HP: 8/55 MP: 9/9
  6889 | D:6      | Reached skill level 10 in Stealth
  7211 | D:6      | Noticed a red ugly thing
  7217 | D:6      | Killed a red ugly thing
  7618 | D:6      | Noticed lenfi's ghost (novice FoMo)
  7629 | D:6      | Killed lenfi's ghost
  7630 | D:6      | Reached skill level 11 in Stealth
  7812 | D:7      | Found a sand-covered staircase.
  7815 | D:7      | Reached XP level 10. HP: 63/63 MP: 10/10
  7817 | Ossuary  | Entered an ossuary
  8305 | D:7      | Reached skill level 12 in Stealth
  8403 | D:7      | Noticed a kobold demonologist
  8411 | D:7      | Noticed a soul eater
  8412 | D:7      | Noticed a soul eater
  8514 | D:7      | Noticed Menkaure
  8670 | D:7      | Killed Menkaure
  9092 | D:7      | Found a large runed translucent door.
  9092 | D:7      | Found a large runed translucent door.
  9149 | D:7      | Paralysed by a hornet for 3 turns
  9171 | D:7      | Noticed a smoke demon
  9173 | D:7      | Killed a kobold demonologist
  9174 | D:7      | Reached skill level 13 in Stealth
  9808 | D:7      | Noticed Gabide's ghost (novice HuMo)
  9812 | D:7      | Killed Gabide's ghost
  9870 | D:8      | Reached skill level 1 in Shields
 10860 | D:8      | Reached XP level 11. HP: 54/69 MP: 11/11
 11132 | D:9      | Noticed Psyche
 11134 | D:9      | Killed Psyche
 11135 | D:9      | Reached skill level 10 in Short Blades
 11201 | D:9      | Reached skill level 14 in Stealth
 11355 | D:9      | Noticed Gastronok
 11594 | D:9      | Reached **** piety under Trog
 12052 | D:9      | Killed Gastronok
 12184 | D:9      | Reached skill level 15 in Stealth
 12331 | D:10     | Entered Level 10 of the Dungeon
 12502 | D:10     | HP: 2/71 [vampire mosquito (5)]
 13293 | D:10     | Reached XP level 12. HP: 52/76 MP: 12/12
 13499 | D:10     | Found a staircase to the Lair.
 13811 | D:10     | Found a burning altar of Makhleb.
 14158 | Lair:1   | Entered Level 1 of the Lair of Beasts
 14225 | Lair:1   | Reached skill level 10 in Dodging
 14530 | Lair:1   | Reached skill level 16 in Stealth
 15656 | Lair:1   | Reached skill level 10 in Fighting
 16115 | Lair:2   | Noticed Maggie
 16119 | Lair:2   | Killed Maggie
 16840 | Lair:2   | Reached skill level 17 in Stealth
 16849 | Lair:2   | Found a staircase to the Swamp.
 17093 | Lair:3   | Reached XP level 13. HP: 83/83 MP: 13/13
 17115 | Lair:3   | Noticed a seven-headed hydra
 17119 | Lair:3   | Killed a seven-headed hydra
 17557 | Lair:3   | Reached skill level 5 in Shields
 18594 | Lair:4   | Found a gate leading to a gauntlet.
 18603 | Gauntlet | Entered a Gauntlet
 18603 | Gauntlet | Found a transporter.
 18603 | Gauntlet | Found a transporter.
 18620 | Gauntlet | Found a transporter.
 18628 | Gauntlet | Found a transporter.
 18650 | Gauntlet | Found a transporter.
 18660 | Gauntlet | Found a transporter.
 18750 | Gauntlet | Found a transporter.
 18758 | Gauntlet | Found a transporter.
 18781 | Gauntlet | Found a transporter.
 18789 | Gauntlet | Found a large runed translucent door.
 18791 | Gauntlet | Found a transporter.
 18793 | Gauntlet | Found a large runed translucent door.
 18798 | Gauntlet | Found a large runed translucent door.
 18802 | Gauntlet | Found a large runed translucent door.
 18802 | Gauntlet | Found a large runed translucent door.
 18803 | Gauntlet | Found a large runed translucent door.
 18804 | Gauntlet | Found a large runed translucent door.
 18805 | Gauntlet | Found a large runed translucent door.
 18805 | Gauntlet | Found a large runed translucent door.
 18812 | Gauntlet | Found a runed translucent door.
 18884 | Gauntlet | Found a transporter.
 18907 | Gauntlet | Found a transporter.
 18916 | Gauntlet | Found a transporter.
 18916 | Gauntlet | Found a transporter.
 18917 | Gauntlet | Found the macabre finger necklace {rN+}
 18920 | Gauntlet | Noticed an entropy weaver
 18930 | Gauntlet | Found a runed translucent gate.
 18930 | Gauntlet | Found a runed translucent gate.
 18931 | Gauntlet | Found a runed translucent gate.
 18940 | Gauntlet | Found a large runed translucent door.
 18940 | Gauntlet | Found a large runed translucent door.
 18941 | Gauntlet | Found a large runed translucent door.
 18941 | Gauntlet | Found a transporter.
 18942 | Gauntlet | Found a large runed translucent door.
 18943 | Gauntlet | Found a large runed translucent door.
 18943 | Gauntlet | Found a large runed translucent door.
 18944 | Gauntlet | Found a large runed translucent door.
 18961 | Gauntlet | Found a transporter.
 19126 | Gauntlet | Reached skill level 18 in Stealth
 19218 | Gauntlet | Found a runed translucent door.
 19274 | Gauntlet | HP: 2/84 [entropy weaver (10)]
 19274 | Gauntlet | Demolished by an entropy weaver

Illustrated notes

Levels and vault maps discovered:
D:1:      dpeg_arrival_windows_large_door, layout_loops_ring,
          chequers_hall_statues_corner_a, chequers_serial_rivers_small_a
D:2:      layout_basic, shapermc_ecumenical_altar_notcrosses, uniq_jessica,
          uniq_crazy_yiuf_cottage
D:3:      layout_loops_cross
D:4:      layout_gridville, nicolae_wu_jian_wuxing_cycle,
          nicolae_tso_carved_into_rock, minmay_temple_entry_proselytizer
D:5:      layout_basic, nicolae_qazlal_scattered_showers, xom_confusion_cloud
D:6:      kennysheep_big_flooded_room, layout_cave_pools,
          ebering_ghost_disaster_area
D:7:      nzn_winding_woodlands_three_and_one [nzn_winding_woodlands_5x15_twine,
          nzn_winding_woodlands_5x15_pathside_ponds,
          nzn_winding_woodlands_5x15_pockets,
          nzn_winding_woodlands_center_triple_pond], layout_basic,
          nicolae_ossuary_entry_giza, ebering_ghost_disaster_area, uniq_menkaure
D:8:      layout_loops_corners, hangedman_decor_peaks_small
D:9:      layout_loops_cross, uniq_psyche, uniq_gastronok
D:10:     layout_loops_ring, bloody_makhleb, due_lair_maze_entry_diamond
Lair:1:   layout_cave_pods, grunt_megastairs_5, serial_bayou_shore_b
Lair:2:   layout_chaotic_city, nicolae_swamp_entry_splash_gauntlet,
          minivault_27, uniq_maggie
Lair:3:   layout_roguey
Lair:4:   layout_roguey, minmay_snake_entry_guardpost_medium,
          gauntlet_entry_generic, minmay_lair_oklob_bushes,
          grunt_forest_stairs_basic, grunt_megastairs_3, serial_bayou_shore_a,
          uniq_josephine
Gauntlet: gammafunk_gauntlet_branching [nicolae_gauntlet_arena_quarters,
          gammafunk_gauntlet_arena_mazey, nicolae_gauntlet_swirl,
          gammafunk_gauntlet_arena_split_diamond,
          nicolae_gauntlet_arena_grate_2, gammafunk_gauntlet_arena_arrow_garden,
          minmay_gauntlet_arena_make_your_own_arena,
          gammafunk_gauntlet_arena_open, nicolae_gauntlet_exit_dead_adventurers]

Skill      XL: |  1  2  3  4  5  6  7  8  9 10 11 12 13 |
---------------+----------------------------------------+-----
Stealth        | 1 2 3 4 5 7 9 11 13 15 17 18 | 18.0
Dodging        | 3 4 5 6 7 8 9 10 11 | 11.3
Fighting       | 4 5 6 7 8 9 10 | 10.8
Short Blades   | 5 6 7 8 9 11 12 | 12.6
Shields        | 1 3 4 5 |  5.3
Armour         | |  1.5

Action                   |  1- 3 |  4- 6 |  7- 9 | 10-12 | 13-15 || total
-------------------------+-------+-------+-------+-------+-------++-------
Melee: Short sword       |    64 |   157 |   164 |   852 |   189 ||  1426
       Punch             |       |     3 |     3 |     2 |       ||     8
Invok: Berserk           |     1 |     4 |     9 |    29 |     9 ||    52
  Use: Scroll            |       |       |    15 |     5 |     3 ||    23
       Potion            |       |       |     1 |     1 |     2 ||     4
 Stab: Sleeping          |    15 |    21 |    13 |    66 |     3 ||   118
       Distracted        |       |     1 |     2 |     3 |     2 ||     8
Armor: Animal skin       |     4 |     9 |    13 |    88 |       ||   114
       Swamp dragon scal |       |       |       |     3 |    14 ||    17
Dodge: Dodged            |    28 |    79 |    86 |   443 |    78 ||   714
Block: Buckler           |       |       |       |   155 |    42 ||   197
